 Dungeon Sprint DCSS version 0.31-a0-365-gcf821cafb2 (webtiles) character file.

Game seed: 1558679101966726846

18585 rocky1 the Grappler (level 12, -6/103 HPs)
             Began as a Gnoll Shapeshifter on July 28, 2023.
             Was a High Priest of Cheibriados.
             Mangled by a shadow wraith (24 damage)
             ... in the Dungeon (Sprint VII: "The Pits").
             The game lasted 00:08:05 (4300 turns).

rocky1 the Grappler (Gnoll Shapeshifter)            Turns: 4300, Time: 00:08:05

Health: -6/103     AC:  0    Str: 34    XL:     12   Next: 60%
Magic:  18/28      EV: 25    Int: 27    God:    Cheibriados [*****.]
Gold:   53         SH:  0    Dex: 27    Spells: 35/35 levels left

rFire   . .          .
                       - Unarmed
rCold   . . .        (no shield)
rNeg    . . .        H - melded +0 swamp dragon scales
rPois   .            (no helmet)
rElec   .            (no cloak)
rCorr   .            (no gloves)
SInv    .            (no boots)
Will    .....        (no amulet)
Stlth   ++++++       n - +3 ring of intelligence
HPRegen 0.37/turn    o - +3 ring of strength
MPRegen 0.21/turn

%: no teleportation
@: maw-form, slowed, very slow
A: devouring maw, fangs 1, strong nose, distributed training
a: Begin Untransformation, Renounce Religion, Bend Time, Temporal Distortion,
Slouch, Step From Time


You were in the Dungeon.
You worshipped Cheibriados.
Cheibriados was extremely pleased with you.
You were a creature with a mouth for a stomach.
You visited 1 branch You collected 53 gold pieces.

Inventory:

Missiles
 m - 5 poisoned darts
 w - a throwing net
Armour
 a - a +0 animal skin
 f - a +3 chain mail
 r - a +0 pair of gloves
 s - a +3 plate armour
 u - a +0 cloak
 v - a +0 hat of willpower
 H - +0 swamp dragon scales (melded)
Jewellery
 n - a +3 ring of intelligence (left hand)
 o - a +3 ring of strength (right hand)
 y - a ring of protection from fire
 E - a ring of protection from fire
 F - a ring of flight
Talismans
 c - a beast talisman
 I - a maw talisman
Wands
 i - a wand of paralysis (4) (quivered)
 t - a wand of flame (27)
Scrolls
 k - 5 scrolls of amnesia
 l - a scroll of butterflies
 z - 4 scrolls of enchant weapon
 A - 2 scrolls of fear
 B - a scroll of blinking
 C - a scroll of fog
 D - 4 scrolls of enchant armour
 G - a scroll of identify
Potions
 b - a potion of lignification
 d - 8 potions of curing
 e - 8 potions of heal wounds
 g - 3 potions of magic
 h - a potion of berserk rage
 j - 2 potions of invisibility
 p - 3 potions of might
 q - 3 potions of brilliance
 x - 2 potions of resistance


   Skills:
 + Level 12.5 Fighting
 + Level 12.2 Short Blades
 + Level 12.2 Long Blades
 + Level 12.2 Axes
 + Level 12.2 Maces & Flails
 + Level 12.2 Polearms
 + Level 12.2 Staves
 + Level 12.2 Ranged Weapons
 + Level 12.2 Throwing
 + Level 12.2 Armour
 + Level 13.0 Dodging
 + Level 12.2 Stealth
 + Level 12.2 Shields
 + Level 13.7 Unarmed Combat
 + Level 12.2 Spellcasting
 + Level 10.3 Conjurations
 + Level 10.3 Hexes
 + Level 10.3 Summonings
 + Level 10.3 Necromancy
 + Level 10.3 Translocations
 + Level 10.3 Transmutations
 + Level 10.3 Fire Magic
 + Level 10.3 Ice Magic
 + Level 10.3 Air Magic
 + Level 10.3 Earth Magic
 + Level 10.3 Poison Magic
 + Level 13.2 Invocations
 + Level 12.2 Evocations
 + Level 12.1 Shapeshifting


You had 35 spell levels left.
You didn't know any spells.
Your spell library contained the following spells:

 Spells                   Type           Power      Damage    Failure   Level
 Sting                    Tmut/Pois      100%       1d8       1%          1
 Inner Flame              Hex/Fire       64%        N/A       1%          3
 Fireball                 Conj/Fire      32%        3d14      1%          5
 Irradiate                Conj/Tmut      32%        3d22      1%          5
 Plasma Beam              Fire/Air       32%        2x1d45    8%          6


Dungeon Overview and Level Annotations

Branches:
Dungeon (1/1)

Altars:
Ashenzari
Cheibriados
Dithmenos
Elyvilon
Fedhas
Gozag
Hepliaklqana
Kikubaaqudgha
Makhleb
Nemelex Xobeh
Okawaru
Qazlal
Ru
Sif Muna
Trog
Uskayaw
Vehumet
Wu Jian
Xom
Yredelemnul
Zin
The Shining One
Jiyva
Lugonu


Innate Abilities, Weirdness & Mutations

You are a creature with a mouth for a stomach.
Your midsection houses a second, enormous mouth.
You have very sharp teeth.
Your uncanny sense of smell can sniff out nearby items.
Your experience applies equally to all skills.


Message History

Deactivating autopickup; reactivate with Ctrl-A.
The five-headed hydra barely misses you.
The five-headed hydra bites you! The five-headed hydra bites you.
The five-headed hydra completely misses you.
The five-headed hydra bites you!
* * * LOW HITPOINT WARNING * * *
You punch the five-headed hydra! You bite the five-headed hydra.
You bite the five-headed hydra!
You devour a chunk of the five-headed hydra!
You feel better.
You kill the five-headed hydra!
Cheibriados thoroughly appreciates the change of pace.
Something hits you!
* * * LOW HITPOINT WARNING * * *
Something drains your vigour!
You feel as though you will be slow longer.
Your Dodging skill increases to level 13!
Unknown command.
You hit something. Something hits you!
* * * LOW HITPOINT WARNING * * *
Unknown command.
Activating: Slouch (0% risk of failure)
Press: ? - help, Dir - look around, f - activate
Okay, then.
You feel much better. Something hits you. x2
* * * LOW HITPOINT WARNING * * *
Something drains your vigour!
You feel as though you will be slow longer.
Unknown command.
Activating: Slouch (0% risk of failure)
Press: ? - help, Dir - look around, f - activate You can feel time thicken for a moment.
Something hits you!
* * * LOW HITPOINT WARNING * * *
Unknown command.
Activating: Slouch (1% risk of failure)
Press: ? - help, Dir - look around, f - activate You can feel time thicken for a moment.
Cheibriados lowers the support of your attributes as your movement quickens.
Something hits you!!
You die...

∆∆∆∆∆∆∆∆∆ ∆∆∆∆∆∆∆∆∆
########################
.................{......
.....†..........W.......
#############++#########
∆∆∆ ∆ ∆ ∆ ∆ ∆ ∆ ∆∆∆ ∆ ∆
∆ ∆ ∆∆∆ ∆ ∆ ∆∆∆


There were no monsters in sight!

Vanquished Creatures
  Rupert (D)
  Gastronok (D)
  Ilsuiw (D)
  Josephine (D)
  A hydra (D)
  6 death yaks (D)
  A two-headed ogre (D)
  A shadow wraith (D)
  A swamp dragon (D)
  A bog body (D)
  A deep elf pyromancer (D)
  A cyclops (D)
  A manticore (D)
  Maurice (D)
  3 merfolk sirens (D)
  An orange demon (D)
  A molten gargoyle (D)
  A gargoyle (D)
  2 efreet (D)
  An ice devil (D)
  A troll (D)
  A merfolk (D)
  A tyrant leech (D)
  A snapping turtle (D)
  A jumping spider (D)
  A flying skull (D)
  3 yaks (D)
  A spriggan (D)
  Sigmund (D)
  4 wraiths (D)
  A ynoxinul (D)
  A fire bat (D)
  A redback (D)
  Menkaure (D)
  Edmund (D)
  2 floating eyes (D)
  An ice beast (D)
  Pargi (D)
  A sky beast (D)
  A swamp drake (D)
  2 ogres (D)
  A wolf (D)
  A phantom (D)
  A kobold brigand (D)
  2 necrophages (D)
  An earth elemental (D)
  3 scorpions (D)
  A small abomination (D)
  A quasit (D)
  An iguana (D)
  A hell rat (D)
  An adder (D)
  A gnoll (D)
  A river rat (D)
  A white imp (D)
  2 ufetubi (D)
  An endoplasm (D)
  A giant cockroach (D)
  A hobgoblin (D)
  2 jackals (D)
  2 kobolds (D)
  A giant cockroach zombie (D)
83 creatures vanquished.

Vanquished Creatures (others)
  A hell rat (D)
1 creature vanquished.

Grand Total: 84 creatures vanquished

Notes
Turn   | Place    | Note
-------+----------+-------------------------------------------
     0 | D        | rocky1 the Gnoll Shapeshifter began the quest for the Orb.
     0 | D        | Reached XP level 1. HP: 17/17 MP: 1/1
    19 | D        | Found a bloodstained altar of Trog.
    19 | D        | Found a shimmering blue altar of Sif Muna.
    19 | D        | Found a viscous altar of Jiyva.
    19 | D        | Found a hazy altar of Hepliaklqana.
    19 | D        | Found an opulent altar of Gozag.
    20 | D        | Found a glowing golden altar of the Shining One.
    20 | D        | Found a glowing silver altar of Zin.
    20 | D        | Found a basalt altar of Yredelemnul.
    20 | D        | Found a shimmering altar of Xom.
    20 | D        | Found an ornate altar of the Wu Jian Council.
    20 | D        | Found a sacrificial altar of Ru.
    20 | D        | Found a stormy altar of Qazlal.
    20 | D        | Found an iron altar of Okawaru.
    20 | D        | Found a sparkling altar of Nemelex Xobeh.
    20 | D        | Found a burning altar of Makhleb.
    20 | D        | Found a blossoming altar of Fedhas.
    20 | D        | Found a white marble altar of Elyvilon.
    20 | D        | Found a shadowy altar of Dithmenos.
    20 | D        | Found a snail-covered altar of Cheibriados.
    23 | D        | Found a corrupted altar of Lugonu.
    23 | D        | Found a radiant altar of Vehumet.
    24 | D        | Found an ancient bone altar of Kikubaaqudgha.
    24 | D        | Found a hide-covered altar of Uskayaw.
    24 | D        | Found a broken altar of Ashenzari.
    31 | D        | Became a worshipper of Cheibriados the Contemplative
    69 | D        | Noticed a scorpion
    74 | D        | Killed a scorpion
    74 | D        | Reached * piety under Cheibriados
    75 | D        | Reached skill level 5 in Dodging
    75 | D        | Reached XP level 2. HP: 24/24 MP: 1/5
    75 | D        | Reached XP level 3. HP: 29/29 MP: 1/6
    75 | D        | Reached XP level 4. HP: 36/36 MP: 1/7
   301 | D        | Noticed a floating eye
   305 | D        | Killed a floating eye
   305 | D        | Reached ** piety under Cheibriados
   306 | D        | Reached XP level 5. HP: 43/43 MP: 7/10
   544 | D        | Reached *** piety under Cheibriados
   547 | D        | Reached skill level 5 in Fighting
   547 | D        | Reached XP level 6. HP: 42/51 MP: 10/12
   639 | D        | Noticed Menkaure
   639 | D        | Noticed Edmund
   647 | D        | Killed Edmund
   647 | D        | Reached **** piety under Cheibriados
   648 | D        | Reached skill level 5 in Invocations
   655 | D        | Reached skill level 5 in Short Blades
   655 | D        | Reached skill level 5 in Long Blades
   655 | D        | Reached skill level 5 in Axes
   655 | D        | Reached skill level 5 in Maces & Flails
   655 | D        | Reached skill level 5 in Polearms
   655 | D        | Reached skill level 5 in Staves
   655 | D        | Reached skill level 5 in Ranged Weapons
   655 | D        | Reached skill level 5 in Throwing
   655 | D        | Reached skill level 5 in Armour
   655 | D        | Reached skill level 5 in Stealth
   655 | D        | Reached skill level 5 in Shields
   655 | D        | Reached skill level 5 in Spellcasting
   655 | D        | Reached skill level 5 in Evocations
   658 | D        | Reached XP level 7. HP: 58/58 MP: 13/15
   660 | D        | Killed Menkaure
   660 | D        | Reached ***** piety under Cheibriados
   719 | D        | Reached ****** piety under Cheibriados
   720 | D        | Reached skill level 5 in Conjurations
   720 | D        | Reached skill level 5 in Hexes
   720 | D        | Reached skill level 5 in Summonings
   720 | D        | Reached skill level 5 in Necromancy
   720 | D        | Reached skill level 5 in Translocations
   720 | D        | Reached skill level 5 in Transmutations
   720 | D        | Reached skill level 5 in Fire Magic
   720 | D        | Reached skill level 5 in Ice Magic
   720 | D        | Reached skill level 5 in Air Magic
   720 | D        | Reached skill level 5 in Earth Magic
   720 | D        | Reached skill level 5 in Poison Magic
   953 | D        | Noticed Sigmund
   953 | D        | Noticed a fire bat
   955 | D        | Killed a fire bat
   956 | D        | Reached XP level 8. HP: 65/65 MP: 11/17
   959 | D        | Killed Sigmund
  1093 | D        | Noticed an orange demon
  1093 | D        | Noticed an ice devil
  1097 | D        | Killed an ice devil
  1097 | D        | Killed an orange demon
  1098 | D        | Reached XP level 9. HP: 18/74 MP: 3/20
  1753 | D        | Noticed an efreet
  1755 | D        | Reached skill level 10 in Unarmed Combat
  1757 | D        | Killed an efreet
  2080 | D        | Noticed Pargi
  2080 | D        | Noticed a cyclops
  2080 | D        | Noticed Maurice
  2081 | D        | Noticed a tyrant leech
  2086 | D        | Killed Pargi
  2094 | D        | Killed a tyrant leech
  2102 | D        | Killed a cyclops
  2104 | D        | Killed Maurice
  2105 | D        | Reached XP level 10. HP: 49/82 MP: 3/22
  2419 | D        | Noticed a deep elf pyromancer
  2421 | D        | Noticed a manticore
  2430 | D        | Killed a deep elf pyromancer
  2431 | D        | Reached skill level 10 in Dodging
  2431 | D        | Reached skill level 10 in Shapeshifting
  2431 | D        | Killed a manticore
  2508 | D        | Noticed Gastronok
  2512 | D        | Reached skill level 10 in Invocations
  2523 | D        | Killed Gastronok
  2620 | D        | Reached skill level 10 in Fighting
  2629 | D        | Noticed Josephine
  2635 | D        | Reached XP level 11. HP: 86/90 MP: 15/24
  2641 | D        | Killed Josephine
  2642 | D        | Reached skill level 10 in Short Blades
  2642 | D        | Reached skill level 10 in Long Blades
  2642 | D        | Reached skill level 10 in Axes
  2642 | D        | Reached skill level 10 in Maces & Flails
  2642 | D        | Reached skill level 10 in Polearms
  2642 | D        | Reached skill level 10 in Staves
  2642 | D        | Reached skill level 10 in Ranged Weapons
  2642 | D        | Reached skill level 10 in Throwing
  2642 | D        | Reached skill level 10 in Armour
  2642 | D        | Reached skill level 10 in Stealth
  2642 | D        | Reached skill level 10 in Shields
  2642 | D        | Reached skill level 10 in Spellcasting
  2642 | D        | Reached skill level 10 in Evocations
  2787 | D        | Noticed Ilsuiw
  2789 | D        | Noticed a death yak
  2797 | D        | Killed a death yak
  2818 | D        | Killed Ilsuiw
  3103 | D        | Noticed a death yak
  3103 | D        | Noticed a death yak
  3103 | D        | Noticed a death yak
  3103 | D        | Noticed a swamp dragon
  3104 | D        | Noticed a death yak
  3104 | D        | Noticed a death yak
  3108 | D        | Killed a swamp dragon
  3108 | D        | Killed a death yak
  3108 | D        | Killed a death yak
  3108 | D        | Killed a death yak
  3109 | D        | Reached XP level 12. HP: 63/101 MP: 5/27
  3109 | D        | Killed a death yak
  3109 | D        | Killed a death yak
  3387 | D        | Got the Tome of the Inferno and Therianthropy
  3813 | D        | Noticed Rupert
  3813 | D        | Noticed a two-headed ogre
  3819 | D        | Killed a two-headed ogre
  3820 | D        | Reached skill level 10 in Conjurations
  3820 | D        | Reached skill level 10 in Hexes
  3820 | D        | Reached skill level 10 in Summonings
  3820 | D        | Reached skill level 10 in Necromancy
  3820 | D        | Reached skill level 10 in Translocations
  3820 | D        | Reached skill level 10 in Transmutations
  3820 | D        | Reached skill level 10 in Fire Magic
  3820 | D        | Reached skill level 10 in Ice Magic
  3820 | D        | Reached skill level 10 in Air Magic
  3820 | D        | Reached skill level 10 in Earth Magic
  3820 | D        | Reached skill level 10 in Poison Magic
  3824 | D        | Paralysed by Rupert for 5 turns
  3832 | D        | Killed Rupert
  4289 | D        | Noticed a five-headed hydra
  4296 | D        | Killed a five-headed hydra
  4300 | D        | Mangled by a shadow wraith

Illustrated notes

Levels and vault maps discovered:
D:        pitsprint [storerooms_1, entrance_room_1, metal_vault_1, armoury_3,
          mini_pit_1, grid_room_1, main_hall_1, silver_pit, the_coven_1,
          the_vestibule_1, steel_vault_1, golden_pit, hallway_of_sentries,
          crystal_vault_2, iron_vault_5, final_vault]

Skill      XL: |  1  2  3  4  5  6  7  8  9 10 11 12 |
---------------+-------------------------------------+-----
Fighting       | 3 4 5 6 7 8 10 11 12 | 12.5
Short Blades   | 2 3 4 5 6 7 8 9 11 12 | 12.2
Long Blades    | 2 3 4 5 6 7 8 9 11 12 | 12.2
Axes           | 2 3 4 5 6 7 8 9 11 12 | 12.2
Maces & Flails | 2 3 4 5 6 7 8 9 11 12 | 12.2
Polearms       | 2 3 4 5 6 7 8 9 11 12 | 12.2
Staves         | 2 3 4 5 6 7 8 9 11 12 | 12.2
Ranged Weapons | 2 3 4 5 6 7 8 9 11 12 | 12.2
Throwing       | 2 3 4 5 6 7 8 9 11 12 | 12.2
Armour         | 2 3 4 5 6 7 8 9 11 12 | 12.2
Dodging        | 5 6 7 8 9 10 12 13 | 13.0
Stealth        | 2 3 4 5 6 7 8 9 11 12 | 12.2
Shields        | 2 3 4 5 6 7 8 9 11 12 | 12.2
Unarmed Combat | 7 8 9 10 11 13 | 13.7
Spellcasting   | 2 3 4 5 6 7 8 9 11 12 | 12.2
Conjurations   | 2 3 4 5 6 7 8 9 10 | 10.3
Hexes          | 2 3 4 5 6 7 8 9 10 | 10.3
Summonings     | 2 3 4 5 6 7 8 9 10 | 10.3
Necromancy     | 2 3 4 5 6 7 8 9 10 | 10.3
Translocations | 2 3 4 5 6 7 8 9 10 | 10.3
Transmutations | 2 3 4 5 6 7 8 9 10 | 10.3
Fire Magic     | 2 3 4 5 6 7 8 9 10 | 10.3
Ice Magic      | 2 3 4 5 6 7 8 9 10 | 10.3
Air Magic      | 2 3 4 5 6 7 8 9 10 | 10.3
Earth Magic    | 2 3 4 5 6 7 8 9 10 | 10.3
Poison Magic   | 2 3 4 5 6 7 8 9 10 | 10.3
Invocations    | 2 4 5 7 8 9 10 12 13 | 13.2
Evocations     | 2 3 4 5 6 7 8 9 11 12 | 12.2
Shapeshifting  | 7 8 9 10 11 12 | 12.1

Action                     |  1- 3 |  4- 6 |  7- 9 | 10-12 || total
---------------------------+-------+-------+-------+-------++-------
  Melee: Unarmed           |     5 |    27 |    32 |    68 ||   132
         Bite              |       |     4 |     3 |    16 ||    23
         Punch             |       |     1 |     2 |     7 ||    10
         Maw               |       |       |       |     1 ||     1
  Throw: Dart              |       |       |     3 |       ||     3
 Invoke: Slouch            |       |       |    11 |    23 ||    34
    Use: Potion            |     1 |     2 |     1 |     8 ||    12
         Scroll            |       |       |       |     1 ||     1
   Stab: Sleeping          |       |       |       |     1 ||     1
 Armour: Animal skin       |     3 |     1 |       |       ||     4
         Chain mail        |       |       |     5 |       ||     5
         Plate armour      |       |       |     6 |    14 ||    20
  Dodge: Dodged            |     2 |    13 |    20 |    71 ||   106
   Form: Maw               |       |       |       |     1 ||     1

Table legend: (Time is in decaauts)
 A = Elapsed time spent in this place.
 B = Non-inter-level travel time spent in this place.
 C = Inter-level travel time spent in this place.
 D = Time resting spent in this place.
 E = Time spent auto-exploring this place.
 F = Levels seen in this place.
 G = Mean time per level.
                   A        B        C        D        E       F      G
               +--------+--------+--------+--------+--------+-----+--------+
         Total |   4797 |   4676 |    121 |   3398 |      0 |   1 | 4797.0 |
       Dungeon |   4797 |   4676 |    121 |   3398 |      0 |   1 | 4797.0 |
               +--------+--------+--------+--------+--------+-----+--------+

Top non-repeatable levels by time:
       D: 4797 daAuts
